 Dungeon Crawl Stone Soup version 0.27-a0-406-g23f261fbd2 (webtiles) character file.

Game seed: 1845294865985984433

30 tsouns the Sneak (level 2, -3/24 HPs)
             Began as a Demigod Brigand on Feb 22, 2021.
             Slain by a worm (10 damage)
             ... on level 2 of the Dungeon.
             The game lasted 00:01:28 (1243 turns).

tsouns the Sneak (Demigod Brigand)                  Turns: 1243, Time: 00:01:29

Health: -3/24      AC:  3    Str: 12    XL:     2   Next: 84%
Magic:  4/4        EV: 12    Int: 13    God:
Gold:   46         SH:  0    Dex: 15    Spells: 1/1 levels left

rFire    . . .     SeeInvis .   a - +2 dagger
rCold    . . .     Faith    .   (no shield)
rNeg     . . .     Spirit   .   b - +0 robe
rPois    .         Reflect  .   (no helmet)
rElec    .         Harm     +   f - scarf {harm}
rCorr    .         Rampage  .   j - +0 pair of gloves
Will     .....                  (no boots)
Stlth    ++........             (no amulet)
HPRegen  0.08/turn              (no ring)
MPRegen  0.09/turn              (no ring)

@: no status effects
A: high mp 1
a: no special abilities


You were on level 2 of the Dungeon.
You visited 1 branch of the dungeon, and saw 2 of its levels.

You collected 46 gold pieces.

Inventory:

Hand Weapons
 a - a +2 dagger (weapon)
Missiles
 d - 8 poisoned darts (quivered)
 e - 10 curare-tipped darts
Armour
 b - a +0 robe (worn)
 c - a +0 cloak
 f - a scarf of harm (worn)
 j - a +0 pair of gloves (worn)
Scrolls
 g - a scroll of magic mapping {unknown}
Potions
 h - a potion of haste {unknown}
 i - a potion of curing {unknown}


   Skills:
 + Level 2.1 Fighting
 + Level 2.2 Short Blades
 + Level 2.2 Throwing
 + Level 1.4 Dodging
 - Level 3.6 Stealth


You had one spell level left.
You didn't know any spells.
Your spell library was empty.

Dungeon Overview and Level Annotations

Branches:
Dungeon (2/15)


Innate Abilities, Weirdness & Mutations

You have an increased reservoir of magic. (+10% MP)


Message History

The dart slug is severely wounded.
The dart slug launches a dart at you. The slug dart misses you.
You hit the dart slug but do no damage.
The dart slug is severely wounded.
You hit the dart slug.
You kill the dart slug!
The worm bites you!
You see here a dart slug corpse.
You are too injured to fight recklessly!
You are too injured to fight recklessly!
You are too injured to fight recklessly!
You are too injured to fight recklessly!
You are too injured to fight recklessly!
You are too injured to fight recklessly!
You are too injured to fight recklessly!
You are too injured to fight recklessly!
You are too injured to fight recklessly!
You are too injured to fight recklessly!
You are too injured to fight recklessly!
You are too injured to fight recklessly!
You are too injured to fight recklessly!
You are too injured to fight recklessly!
You are too injured to fight recklessly!
You are too injured to fight recklessly!
You are too injured to fight recklessly!
You are too injured to fight recklessly!
You are too injured to fight recklessly!
You are too injured to fight recklessly!
You are too injured to fight recklessly!
You hit the worm.
The worm is moderately wounded.
You hit the worm.
The worm is severely wounded.
The worm bites you.
* * * LOW HITPOINT WARNING * * *
You barely miss the worm.
The worm is severely wounded.
The worm bites you!
You die...

.> .# . .# # ..
########.#.#.##
#..............
#..$....##.###. ##+###
...w.......[... .....#
..#####w##.#### .....#
#@# S. .....# #.# ##
.....# #.# ##.### ####.##
##.# #.....# ##.#
#..##########
.#.##########...8.......#
.#.##...##...........8⌠.#
...#...........#######8.#


You could see a worm.

Vanquished Creatures
  A worm (D:2)
  3 dart slugs
  A leopard gecko (D:1)
  A ball python (D:1)
  3 bats (D:1)
  2 frilled lizards
  4 goblins
  A kobold (D:1)
  7 rats
23 creatures vanquished.

Notes
Turn   | Place    | Note
-------+----------+-------------------------------------------
     0 | D:1      | tsouns the Demigod Brigand began the quest for the Orb.
     0 | D:1      | Reached XP level 1. HP: 17/17 MP: 3/3
    46 | D:1      | Reached skill level 1 in Dodging
   238 | D:1      | Reached XP level 2. HP: 15/24 MP: 4/4
  1243 | D:2      | Slain by a worm

Illustrated notes

Levels and vault maps discovered:
D:1:      scummos_arrival_checkerplants, layout_basic, grunt_decor_junction,
          minivault_4
D:2:      layout_basic, chequers_decorated_corner, uniq_sigmund, uniq_robin

Skill      XL: |  1 |
---------------+----+-----
Dodging        | 1 |  1.4
Fighting       | 2 |  2.1
Short Blades   | 2 |  2.2
Throwing       | 2 |  2.2
Stealth        | |  3.6

Action                   || total
-------------------------++-------
Melee: Dagger            ||    73
 Stab: Sleeping          ||     3
Armor: Robe              ||     4
Dodge: Dodged            ||    31

Table legend: (Time is in decaauts)
 A = Elapsed time spent in this place.
 B = Non-inter-level travel time spent in this place.
 C = Inter-level travel time spent in this place.
 D = Time resting spent in this place.
 E = Time spent auto-exploring this place.
 F = Levels seen in this place.
 G = Mean time per level.
                   A        B        C        D        E       F      G
               +--------+--------+--------+--------+--------+-----+--------+
         Total |   1236 |   1197 |     39 |      0 |    979 |   2 |  618.0 |
       Dungeon |   1236 |   1197 |     39 |      0 |    979 |   2 |  618.0 |
               +--------+--------+--------+--------+--------+-----+--------+

Top non-repeatable levels by time:
     D:1: 888 daAuts
     D:2: 348 daAuts
